 Dungeon Crawl Stone Soup version 0.31-a0-236-g9a0961fb85 (webtiles) character file.

Game seed: 5723782065313162262

46 qw the Shooter (level 3, 0/29 HPs)
             Began as a Minotaur Hexslinger on July 10, 2023.
             Slain by a cerulean imp
             ... wielding a +1 spear
             ... summoned by Natasha
              (2 damage)
             ... on level 3 of the Dungeon.
             The game lasted 00:00:29 (1363 turns).

qw the Shooter (Minotaur Hexslinger)                Turns: 1363, Time: 00:00:29

Health: 0/29       AC:  6    Str: 12    XL:     3   Next: 44%
Magic:  3/3        EV: 11    Int: 10    God:
Gold:   83         SH:  0    Dex: 14    Spells: 3/4 levels left

rFire   . . .        Y - +1 sling
rCold   . . .        (no shield)
rNeg    + . .        e - +0 ring mail
rPois   .            (helmet restricted)
rElec   .            b - +0 cloak
rCorr   .            (no gloves)
SInv    .            (no boots)
Will    .....        (no amulet)
Stlth   +            f - ring of positive energy
HPRegen 0.24/turn    (no ring)
MPRegen 0.08/turn

%: no passive effects
@: slowed, very slow
A: horns 2, retaliatory headbutt
a: no special abilities


You were on level 3 of the Dungeon.
You visited 1 branch of the dungeon, and saw 3 of its levels.

You collected 83 gold pieces.


Innate Abilities, Weirdness & Mutations

You have a pair of horns on your head.
You reflexively headbutt those who attack you in melee.


   Skills:
 - Level 2.0 Fighting
 - Level 4.0 Ranged Weapons
 + Level 0.2 Armour
 - Level 2.1 Dodging
 - Level 1.0 Spellcasting
 - Level 2.0 Hexes


You had 3 spell levels left.
You knew the following spells:

 Your Spells              Type           Power      Damage    Failure   Level
a - Slow                  Hex            16%        N/A       34%         1

Your spell library contained the following spells:

 Spells                   Type           Power      Damage    Failure   Level
 Inner Flame              Hex/Fire       2%         N/A       83%         3
 Portal Projectile        Hex/Tloc       4%         N/A       83%         3
 Cause Fear               Hex            2%         N/A       98%         4

Inventory:

Hand Weapons
 Y - a +1 sling (weapon)
Armour
 b - a +0 cloak (worn)
 e - a +0 ring mail (worn)
Jewellery
 f - a ring of positive energy (left hand)
Scrolls
 a - a scroll of identify
Potions
 d - 2 potions of curing

Dungeon Overview and Level Annotations

Branches:
Dungeon (3/15)

Altars:

Shops:
D:1 :

Annotations:
D:2 1 runed translucent door, Crazy Yiuf
D:3 Natasha


Message History

Natasha moves out of view.
Natasha casts a spell at you. You resist with significant effort.
You shoot a sling bullet. The sling bullet barely misses Natasha.
You shoot a sling bullet.
The sling bullet closely misses Natasha.
Natasha casts a spell at you. The magic dart hits you.
You shoot a sling bullet.
The sling bullet closely misses Natasha.
Natasha casts a spell.
You shoot a sling bullet.
The sling bullet closely misses Natasha.
Natasha closely misses you.
You shoot a sling bullet. The sling bullet barely misses Natasha.
The cerulean imp closely misses you.
Natasha mumbles some strange words.
You shoot a sling bullet. The sling bullet hits Natasha.
Natasha is moderately wounded.
The cerulean imp barely misses you. Natasha casts a spell at you.
The magic dart hits you! The cerulean imp barely misses you.
Natasha casts a spell at you.
You feel yourself slow down.
You shoot a sling bullet.
The sling bullet closely misses Natasha.
The cerulean imp hits you from afar with a +1 spear. x2
Natasha claws you.
The cerulean imp hits you from afar with a +1 spear.
The cerulean imp hits you but does no damage.
Natasha claws you but does no damage.
You shoot a sling bullet. The sling bullet hits Natasha.
Natasha is moderately wounded.
The cerulean imp hits you from afar with a +1 spear. x2
Natasha hisses.
Natasha stares at you and mumbles some strange words.
You feel as though you will be slow longer.
The cerulean imp closely misses you.
The cerulean imp hits you from afar with a +1 spear.
You die...

#############
#######...).......#
..............###.#
#######.#####.# #.# #.#
#.###.## #.#
#.##...##### #@#
#.##........ .....5h.#
#.##.<.####.
##....5######...).......
#..............#######.
#.....########.........
#..... #.#######. #.#.##
#.......# ..#. #.#####.#
#.#


You could see Natasha and 2 cerulean imps.

Vanquished Creatures
  An adder (D:2)
  A worm (D:2)
  3 ball pythons
  3 bats
  2 endoplasms
  2 giant cockroaches (D:2)
  5 goblins
  A hobgoblin (D:1)
  5 jackals (D:1)
  A kobold (D:3)
  4 frilled lizards
  3 rats
31 creatures vanquished.

Notes
Turn   | Place    | Note
-------+----------+-------------------------------------------
     0 | D:1      | qw the Minotaur Hexslinger began the quest for the Orb.
     0 | D:1      | Reached XP level 1. HP: 16/16 MP: 1/1
     0 | D:1      | 0 ||| qw: Version: 0.3-a-52-g30416fa
     0 | D:1      | 0 ||| qw: Game counter: 4725
     0 | D:1      | 0 ||| qw: Melee chars always use a shield: true
     0 | D:1      | 0 ||| qw: God list: Okawaru
     0 | D:1      | 0 ||| qw: Allow faded altars: false
     0 | D:1      | 0 ||| qw: Do Orc after clearing Dungeon:15 true
     0 | D:1      | 0 ||| qw: Do second Lair branch before Depths: true
     0 | D:1      | 0 ||| qw: Lair rune preference: random
     0 | D:1      | 0 ||| qw: Goals: Normal
     0 | D:1      | 0 ||| PLANNING D:1-11
   160 | D:1      | Reached skill level 3 in Ranged Weapons
   160 | D:1      | Reached XP level 2. HP: 23/23 MP: 2/2
   228 | D:1      | Found Nicemp's Book Shop.
   572 | D:1      | 572 ||| UPGRADING to +0 ring mail.
   582 | D:1      | 582 ||| DROPPING +0 robe.
   583 | D:1      | 583 ||| UPGRADING to ring of positive energy.
   584 | D:1      | 584 ||| READING scroll labelled YPOVUAWEATH.
   585 | D:1      | 585 ||| READING 2 scrolls labelled XINTOCW FESUNT.
   586 | D:1      | 586 ||| DRINKING 2 fuming coppery potions.
   587 | D:1      | 587 ||| DROPPING scroll of poison.
   588 | D:1      | 588 ||| DROPPING scroll of vulnerability.
   914 | D:2      | Reached XP level 3. HP: 29/29 MP: 3/3
   988 | D:2      | Found a faded altar of an unknown god.
  1064 | D:2      | Found a runed translucent door.
  1065 | D:2      | Noticed Crazy Yiuf
  1250 | D:2      | 1250 ||| UPGRADING to +0 cloak.
  1255 | D:2      | 1255 ||| READING 2 scrolls labelled SAOMUF HOKAMY.
  1256 | D:2      | 1256 ||| READING scroll labelled AZANEOGYFRI.
  1326 | D:3      | Reached skill level 4 in Ranged Weapons
  1354 | D:3      | Noticed Natasha
  1363 | D:3      | HP: 4/29 [cerulean imp/+1 spear[Natasha] (5)]
  1363 | D:3      | Slain by a cerulean imp

Levels and vault maps discovered:
D:1:      minmay_arrival_checkered_box, layout_loops_ring, serial_shops, shop
D:2:      layout_rooms, serial_glass, glass_columns_a, glass_columns_c,
          chequers_ecumenical_altar_grove, uniq_crazy_yiuf_cottage
D:3:      layout_loops_ring, kennysheep_decorative_pillar, uniq_natasha

Skill      XL: |  1  2  3 |
---------------+----------+-----
Ranged Weapons | 3 4 |  4.0
Fighting       | 2 |  2.0
Armour         | |  0.2
Dodging        | |  2.1
Spellcasting   | |  1.0
Hexes          | |  2.0

Action                     || total
---------------------------++-------
   Fire: Sling             ||    89
    Use: Scroll            ||     4
         Potion            ||     1
 Armour: Robe              ||     2
         Ring mail         ||     6
  Dodge: Dodged            ||    16

Table legend:
 A = Non-vault XP
 B = Vault XP
 C = Vault XP percentage of total XP
 D = Non-vault monster count
 E = Vault monster count
 F = Vault count percentage of total count
                 A         B        C        D         E       F
            +---------+---------+-------+---------+---------+-------
      Total |      66 |       0 |   0.0 |      31 |       0 |   0.0
            +---------+---------+-------+---------+---------+-------
        D:1 |      28 |       0 |   0.0 |      16 |       0 |   0.0
        D:2 |      34 |       0 |   0.0 |      12 |       0 |   0.0
        D:3 |       4 |       0 |   0.0 |       3 |       0 |   0.0
            +---------+---------+-------+---------+---------+-------
